 Dungeon Crawl Stone Soup version 0.27-a0-531-gb72ec1a1b6 (webtiles) character file.

Game seed: 8450902170668804901

3297 Leibowitz the Slicer (level 10, -1/91 HPs)
             Began as a Kobold Berserker on Mar 4, 2021.
             Was an Elder of Trog.
             Shot with an arrow by a centaur (4 damage)
             ... on level 8 of the Dungeon on Mar 5, 2021.
             The game lasted 00:16:12 (7120 turns).

Leibowitz the Slicer (Kobold Berserker)             Turns: 7120, Time: 00:16:13

Health: -1/91      AC: 10    Str: 14    XL:     10   Next: 20%
Magic:  10/10      EV:  8    Int:  8    God:    Trog [****..]
Gold:   504        SH:  0    Dex: 23    Spells: 9/9 levels left

rFire    . . .     SeeInvis .   w - +1 rapier (venom)
rCold    . . .     Faith    +   (shield restricted)
rNeg     . . .     Spirit   .   v - +1 scale mail "Enueduepof" {Dex+4 Stlth+}
rPois    .         Reflect  .   (no helmet)
rElec    .         Harm     .   (no cloak)
rCorr    .         Rampage  .   b - +0 pair of gloves
Will     ++...                  p - +0 pair of boots
Stlth    ..........             y - amulet of faith
HPRegen  1.25/turn              (no ring)
MPRegen  0.12/turn              (no ring)

@: berserking, marked, held, regenerating, very quick
A: small, nightstalker 3
a: Renounce Religion, Berserk, Trog's Hand, Brothers in Arms


You were on level 8 of the Dungeon.
You worshipped Trog.
Trog was greatly pleased with you.
You visited 1 branch of the dungeon, and saw 8 of its levels.

You collected 537 gold pieces.
You spent 33 gold pieces at shops.

Inventory:

Hand Weapons
 a - a +1 short sword of electrocution
 w - a +1 rapier of venom (weapon)
 E - a +1 dagger of holy wrath
Armour
 b - a +0 pair of gloves (worn)
 p - a +0 pair of boots (worn)
 v - the +1 scale mail "Enueduepof" (worn) {Dex+4 Stlth+}
   (You found it on level 4 of the Dungeon)

   It affects your dexterity (+4).
   It makes you more stealthy.
Jewellery
 x - a ring of ice
 y - an amulet of faith (around neck)
 D - an amulet of regeneration
Wands
 A - a wand of iceblast (13)
Scrolls
 c - 3 scrolls of magic mapping {unknown}
 d - 3 scrolls of teleportation {unknown}
 i - 14 scrolls of identify {unknown}
 j - 2 scrolls of immolation {unknown}
 k - a scroll of random uselessness {unknown}
 l - 3 scrolls of enchant weapon {unknown}
 r - 2 scrolls of fear {unknown}
 s - 4 scrolls of enchant armour {unknown}
 B - a scroll of torment {unknown}
 C - 3 scrolls of fog {unknown}
Potions
 e - a potion of invisibility {unknown}
 f - 2 potions of resistance {unknown}
 g - 6 potions of curing
 h - 2 potions of ambrosia {unknown}
 m - 3 potions of flight {unknown}
 n - a potion of brilliance {unknown}
 o - 2 potions of lignification {unknown}
 q - 3 potions of mutation {unknown}
 t - a potion of haste {unknown}
 u - a potion of berserk rage {unknown}


   Skills:
 * Level 6.4 Fighting
 * Level 11.0 Short Blades
 * Level 4.7 Armour
 * Level 6.2 Dodging
 * Level 9.6 Stealth


You had 9 spell levels left.
You didn't know any spells.
Your spell library was empty.

Dungeon Overview and Level Annotations

Branches:
Dungeon (8/15)             Temple (0/1) D:7
   Lair: D:8-11

Altars:
Okawaru
Uskayaw
Wu Jian
Zin

Shops:
D:5 !

Annotations:
D:3 anet's ghost, novice HOCj
D:4 2 transporters
D:8 Harold


Innate Abilities, Weirdness & Mutations

You are small and have problems with some larger weapons.
You are completely attuned to the shadows.


Message History

The mark upon you grows brighter.
You hit Harold but do no damage.
Harold looks as sick as possible!
Harold is heavily wounded.
You hit Harold.
Harold is heavily wounded.
Harold hits you with a +0 mace! The orc hits you with a +0 short sword.
You puncture Harold!
Harold looks as sick as possible!
Harold is heavily wounded.
Harold hits you with a +0 mace!
* * * LOW HITPOINT WARNING * * *
You feel better. The orc closely misses you.
An orc warrior comes into view. It is wielding a +0 scimitar.
The centaur wields a +0 shortbow.
The centaur shoots an arrow.
The arrow hits you.
* * * LOW HITPOINT WARNING * * *
Harold throws a throwing net.
The throwing net hits you.
You become entangled in the net!
The centaur shoots an arrow.
The arrow hits you but does no damage. The orc barely misses you.
Found a spear.
You see here a throwing net.
Okay, then.
Your skin crawls.
You feel strong-willed. The orc barely misses you.
The centaur shoots an arrow.
The arrow hits you.
* * * LOW HITPOINT WARNING * * *
Your ogre goes berserk!
Trog will no longer gift you weapons. The orc hits you but does no damage.
The centaur shoots an arrow.
The arrow barely misses you.
A red film seems to cover your vision as you go berserk!
You feel yourself moving faster!
You feel mighty!
The centaur shoots an arrow.
The arrow hits you.
* * * LOW HITPOINT WARNING * * *
Harold hits you with a +0 mace!
* * * LOW HITPOINT WARNING * * *
The orc hits you with a +0 dagger.
* * * LOW HITPOINT WARNING * * *
Your ogre completely misses Harold.
The centaur shoots an arrow.
The arrow hits you.
You die...

##>......†..#
...........##
............#
............#
............#
...........
...Oc.†....
...o@..(...
...#o@....#
o.#oo..#### .
#....#
#.....#
#)#.###


You could see Harold (extremely poisoned, ally target), an orc warrior, a
centaur, 3 orcs and a friendly ogre (summoned, berserk).

Vanquished Creatures
  Grinder (D:4)
  Eustachio (D:5)
  An ice beast (D:5)
  An orc warrior (D:6)
  A necrophage (D:7)
  The ghost of subsebi the Skirmisher, an amateur DsCK of Xom (D:3)
  4 ogres
  2 centaurs
  The ghost of Exe the Cudgeller, an amateur HuWn (D:3)
  2 phantoms (D:6)
  4 bullfrogs
  A water moccasin skeleton (D:4)
  5 wights (D:6)
  6 howler monkeys (D:7)
  2 centaur zombies
  3 hounds
  2 centaur skeletons
  5 orc priests
  2 iguanas (D:7)
  4 orc wizards
  10 worker ants
  2 hound zombies
  Robin (D:4)
  10 adders
  12 gnolls
  2 white imps (D:5)
  An ufetubus (D:6)
  2 oozes
  2 worms
  2 dart slugs
  6 leopard geckos
  16 orcs
  5 ball pythons
  6 giant cockroaches
  9 hobgoblins
  6 kobolds
  4 quokkas
  6 bats
  4 frilled lizards
  13 goblins
  A leopard gecko skeleton (D:6)
  A quokka skeleton (D:4)
  9 rats
179 creatures vanquished.

Notes
Turn   | Place    | Note
-------+----------+-------------------------------------------
     0 | D:1      | Leibowitz the Kobold Berserker began the quest for the Orb.
     0 | D:1      | Reached XP level 1. HP: 14/14 MP: 1/1
   257 | D:1      | Reached XP level 2. HP: 19/19 MP: 2/2
   387 | D:1      | Reached skill level 1 in Stealth
   387 | D:1      | Reached XP level 3. HP: 23/23 MP: 3/3
   776 | D:1      | Reached ** piety under Trog
  1195 | D:2      | Reached XP level 4. HP: 29/29 MP: 4/4
  1237 | D:2      | Found a glowing silver altar of Zin.
  1411 | D:2      | Reached skill level 5 in Short Blades
  2005 | D:3      | Found a runed translucent gate.
  2010 | D:3      | Found a runed translucent gate.
  2010 | D:3      | Found a runed translucent gate.
  2041 | D:3      | Reached XP level 5. HP: 13/33 MP: 5/5
  2814 | D:3      | Noticed Exe's ghost (amateur HuWn)
  2814 | D:3      | Noticed subsebi's ghost (amateur DsCK)
  2814 | D:3      | Noticed anet's ghost (novice HOCj)
  2826 | D:3      | Killed Exe's ghost
  2827 | D:3      | Reached XP level 6. HP: 38/38 MP: 6/6
  2832 | D:3      | Killed subsebi's ghost
  2833 | D:3      | Reached skill level 5 in Stealth
  2954 | D:4      | Reached skill level 6 in Short Blades
  2964 | D:4      | Reached XP level 7. HP: 43/43 MP: 7/7
  3134 | D:4      | Reached *** piety under Trog
  3216 | D:4      | Noticed Robin
  3229 | D:4      | Killed Robin
  3266 | D:4      | Found a hide-covered altar of Uskayaw.
  3275 | D:4      | Noticed a +4 hand axe
  3275 | D:4      | Noticed a +0 dagger
  3322 | D:4      | Noticed Grinder
  3324 | D:4      | Killed Grinder
  3325 | D:4      | Reached skill level 5 in Fighting
  3325 | D:4      | Reached skill level 7 in Short Blades
  3325 | D:4      | Reached XP level 8. HP: 49/49 MP: 8/8
  3362 | D:4      | Found a transporter.
  3448 | D:4      | Found an iron altar of Okawaru.
  3607 | D:4      | Found a transporter.
  3630 | D:4      | Identified the +1 scale mail "Enueduepof" {Dex+4 Stlth+}
  3814 | D:5      | Entered Level 5 of the Dungeon
  3914 | D:5      | Noticed Eustachio
  3916 | D:5      | Killed Eustachio
  3917 | D:5      | Reached skill level 8 in Short Blades
  4485 | D:5      | Reached skill level 5 in Dodging
  4537 | D:5      | Reached **** piety under Trog
  4538 | D:5      | Reached XP level 9. HP: 54/54 MP: 9/9
  4941 | D:5      | Found Fuezek's Distillery.
  4947 | D:5      | Bought a potion of curing for 33 gold pieces
  4978 | D:6      | Upgraded the game from 0.27-a0-520-gb83adbd1c9 to
                  | 0.27-a0-531-gb72ec1a1b6
  5003 | D:6      | Reached skill level 9 in Short Blades
  5782 | D:6      | Reached skill level 10 in Short Blades
  5949 | D:6      | Found an ornate altar of the Wu Jian Council.
  6247 | D:7      | Reached XP level 10. HP: 60/60 MP: 10/10
  6397 | D:7      | Found a staircase to the Ecumenical Temple.
  6431 | D:7      | Reached ***** piety under Trog
  7066 | D:8      | Reached skill level 11 in Short Blades
  7100 | D:8      | Noticed Harold
  7120 | D:8      | HP: 3/91 [orc/+0 dagger (2)]
  7120 | D:8      | Shot with an arrow by a centaur

Illustrated notes

Levels and vault maps discovered:
D:1:      lemuel_arrival_funnel, layout_loops_corners
D:2:      layout_loops_ring, zin_scriptorium
D:3:      layout_loops_cross, gammafunk_ghost_cemetery
D:4:      gammafunk_wand_slinger, layout_loops_ring, dancing_weapons_uskayaw,
          dk_vineyard_3, okawaru_gym_becter, uniq_grinder, uniq_robin
D:5:      layout_loops_corners, serial_shops, nicolae_shop_stone,
          kennysheep_generic_room_3, uniq_eustachio
D:6:      layout_basic, minmay_ruined_shrine
D:7:      layout_gridville, minmay_temple_entry_antechambers,
          kennysheep_generic_room_5
D:8:      layout_rooms, lemuel_round_altar, uniq_harold

Skill      XL: |  1  2  3  4  5  6  7  8  9 10 |
---------------+-------------------------------+-----
Stealth        | 1 2 4 5 6 7 9 |  9.6
Short Blades   | 5 6 7 8 10 11 | 11.0
Armour         | 2 3 4 |  4.7
Dodging        | 3 4 5 6 |  6.2
Fighting       | 4 5 6 |  6.4

Action                   |  1- 3 |  4- 6 |  7- 9 | 10-12 || total
-------------------------+-------+-------+-------+-------++-------
Melee: Short sword       |    70 |   106 |    92 |       ||   268
       Rapier            |       |       |   165 |    89 ||   254
Invok: Berserk           |       |     3 |     4 |     2 ||     9
       Trog's Hand       |       |     1 |     2 |     1 ||     4
       Brothers in Arms  |       |       |       |     1 ||     1
  Use: Potion            |       |       |       |     1 ||     1
 Stab: Sleeping          |     9 |    13 |    23 |     3 ||    48
       Distracted        |     1 |       |     1 |     1 ||     3
Armor: Troll leather arm |     9 |    18 |    23 |       ||    50
       Scale mail        |       |       |    18 |    13 ||    31
Dodge: Dodged            |    40 |    81 |   165 |    44 ||   330

Table legend: (Time is in decaauts)
 A = Elapsed time spent in this place.
 B = Non-inter-level travel time spent in this place.
 C = Inter-level travel time spent in this place.
 D = Time resting spent in this place.
 E = Time spent auto-exploring this place.
 F = Levels seen in this place.
 G = Mean time per level.
                   A        B        C        D        E       F      G
               +--------+--------+--------+--------+--------+-----+--------+
         Total |   7057 |   6915 |    142 |    367 |   5360 |   8 |  882.1 |
       Dungeon |   7057 |   6915 |    142 |    367 |   5360 |   8 |  882.1 |
               +--------+--------+--------+--------+--------+-----+--------+

Top non-repeatable levels by time:
     D:6: 1198 daAuts
     D:5: 1151 daAuts
     D:1: 1054 daAuts
     D:3: 965 daAuts
     D:2: 904 daAuts
     D:4: 876 daAuts
     D:7: 859 daAuts
     D:8: 48 daAuts
